 Dungeon Crawl Stone Soup version 0.30-a0-364-gf6b3ef1049 (webtiles) character file.

Game seed: 17235504284867468231

349 jlumianski the Trooper (level 6, -4/48 HPs)
             Began as a Demonspawn Fighter on Nov 13, 2022.
             Slain by a hornet (9 damage)
             ... on level 4 of the Dungeon on Nov 14, 2022.
             The game lasted 00:18:15 (3501 turns).

jlumianski the Trooper (Demonspawn Fighter)         Turns: 3501, Time: 00:18:17

Health: -4/48      AC: 12    Str: 18    XL:     6   Next: 33%
Magic:  6/6        EV: 12    Int: 10    God:
Gold:   231        SH:  4    Dex: 12    Spells: 5/5 levels left

rFire   + . .      SeeInvis .    i - +0 double sword (vorpal)
rCold   . . .      Faith    .    c - +0 buckler
rNeg    . . .      Spirit   .    m - +2 scale mail {rF+}
rPois   .          Reflect  .    (no helmet)
rElec   .          Harm     .    (no cloak)
rCorr   .          Rampage  .    e - +1 pair of gloves
Will    .....                    o - +0 pair of boots
Stlth   ..........               (no amulet)
HPRegen 0.28/turn                (no ring)
MPRegen 0.20/turn                (no ring)

@: lethally poisoned (-4 -> -10), slowed, very slow
A: repulsion field 2, magic regeneration
a: no special abilities


You were on level 4 of the Dungeon.
You visited 1 branch of the dungeon, and saw 5 of its levels.

You collected 231 gold pieces.

Inventory:

Hand Weapons
 a - a +0 war axe
 i - a +0 vorpal double sword (weapon)
Missiles
 j - 2 javelins (quivered)
 l - a throwing net
Armour
 b - a +0 scale mail
 c - a +0 buckler (worn)
 e - a +1 pair of gloves (worn)
 m - a +2 scale mail of fire resistance (worn)
 o - a +0 pair of boots (worn)
Jewellery
 g - a ring of fire
Wands
 s - a wand of flame (11)
Scrolls
 f - a scroll of torment
 q - a scroll of butterflies
 t - a scroll of amnesia {unknown}
Potions
 d - a potion of might
 h - 2 potions of brilliance
 n - 2 potions of resistance
 p - a potion of cancellation
 r - a potion of haste
 u - a potion of attraction {unknown}


   Skills:
 + Level 3.8 Fighting
 * Level 3.2 Long Blades
 - Level 2.8 Axes
 + Level 3.5 Armour
 + Level 1.0 Dodging
 + Level 0.7 Stealth
 + Level 3.3 Shields


You had 5 spell levels left.
You didn't know any spells.
Your spell library contained the following spells:

 Spells                   Type           Power      Damage    Failure   Level
 Sandblast                Erth           0%         2d4       83%         1
 Blink                    Tloc           0%         N/A       93%         2
 Momentum Strike          Conj/Tloc      0%         3d8       93%         2
 Passwall                 Tmut/Erth      0%         N/A       93%         2
 Lesser Beckoning         Tloc           0%         N/A       99%         3
 Portal Projectile        Hex/Tloc       0%         N/A       99%         3
 Stone Arrow              Conj/Erth      0%         3d7       99%         3
 Tukima's Dance           Hex            0%         N/A       99%         3
 Blade Hands              Tmut           0%         N/A       100%        5


Dungeon Overview and Level Annotations

Branches:
Dungeon (5/15)
 Temple: D:4-7

Altars:
Hepliaklqana


Innate Abilities, Weirdness & Mutations

You are surrounded by a moderate repulsion field. (EV +3)
You regenerate magic rapidly.


Message History

You feel yourself speed up.
You feel extremely sick. The hornet closely misses you.
The hornet barely misses you. x2
You barely miss the hornet.
The hornet is moderately wounded.
You feel very sick. You block the hornet's attack. x2
You barely miss the hornet.
The hornet is moderately wounded.
You feel very sick. The hornet stings you.
You feel yourself slow down. The hornet stings you.
* * * LOW HITPOINT WARNING * * *
You are lethally poisoned!
You feel as though you will be slow longer.
You feel better. The hornet stings you!
* * * LOW HITPOINT WARNING * * *
You feel as though you will be slow longer.
The hornet stings you but does no damage.
The hornet closely misses you.
You hit the hornet.
The hornet is heavily wounded.
The hornet stings you!
* * * LOW HITPOINT WARNING * * *
You are lethally poisoned!
You feel as though you will be slow longer.
The hornet stings you but does no damage.
The hornet misses you.
You feel better. The hornet stings you.
* * * LOW HITPOINT WARNING * * *
You are lethally poisoned!
You feel as though you will be slow longer.
The hornet stings you but does no damage.
Aiming: Throw Flame
Press: ? - help, Shift-Dir - straight line, f/p - hornet
Aim: a hornet (heavily wounded, 52% to hit)
The puff of flame misses the hornet.
* * * LOW HITPOINT WARNING * * *
You feel very sick. The hornet stings you!
You die...

....# ....#
#((....# ....#
.##......# ....+
.(......# #####
#......# #
.##....?.# #
.........# #
.)..........y..#
#
.......##....@.#
#
......##......#
# .............#
# #...##......#
##...
#...##......#
.....
#...........#
.....
+...........#
.....
#...##......#
.....
#...##......#


You could see a hornet.

Vanquished Creatures
  2 scorpions (D:4)
  A gnoll bouda (D:3)
  2 orc wizards (D:3)
  4 gnolls
  2 adders
  2 dart slugs
  8 orcs (D:3)
  10 endoplasms
  6 giant cockroaches
  5 goblins
  4 hobgoblins
  14 jackals
  3 quokkas
  9 ball pythons
  6 bats
  5 frilled lizards
  5 kobolds
  4 rats
92 creatures vanquished.

Notes
Turn   | Place    | Note
-------+----------+-------------------------------------------
     0 | D:1      | jlumianski the Demonspawn Fighter began the quest for the
                  | Orb.
     0 | D:1      | Reached XP level 1. HP: 18/18 MP: 1/1
   156 | D:1      | Gained mutation: You are surrounded by a mild repulsion
                  | field. (EV +2) [demonic ancestry]
   156 | D:1      | Reached XP level 2. HP: 18/24 MP: 2/2
   716 | D:1      | Reached XP level 3. HP: 29/29 MP: 3/3
  1376 | D:3      | Found a faded altar of an unknown god.
  1533 | D:2      | Gained mutation: You are surrounded by a moderate repulsion
                  | field. (EV +3) [demonic ancestry]
  1533 | D:2      | Reached XP level 4. HP: 35/35 MP: 4/4
  2119 | D:2      | Identified a scroll of acquirement
  2119 | D:2      | Acquired a +0 vorpal double sword
  2534 | D:4      | Noticed a hornet
  2610 | D:3      | Upgraded the game from 0.30-a0-360-g447f08457e to
                  | 0.30-a0-364-gf6b3ef1049
  2952 | D:3      | Reached skill level 1 in Long Blades
  2952 | D:3      | Reached XP level 5. HP: 37/42 MP: 5/5
  3234 | D:5      | Entered Level 5 of the Dungeon
  3300 | D:5      | Found a hazy altar of Hepliaklqana.
  3345 | D:4      | Gained mutation: You regenerate magic rapidly. [demonic
                  | ancestry]
  3345 | D:4      | Reached XP level 6. HP: 47/48 MP: 6/6
  3399 | D:4      | Reached skill level 1 in Dodging
  3501 | D:4      | Slain by a hornet

Illustrated notes

Levels and vault maps discovered:
D:1:      ncdulo_smallfort, layout_basic
D:2:      layout_loops_ring, st_stairs_12
D:3:      layout_loops_corners, hellmonk_ecumenical_altar_blasted
D:4:      layout_gridville, hangedman_abyss_or_decor_lesser_grid
D:5:      layout_loops_ring, nicolae_overflow_crystal_walls, hex_large

Skill      XL: |  1  2  3  4  5  6 |
---------------+-------------------+-----
Axes           | 2 |  2.8
Armour         | 3 |  3.5
Shields        | 3 |  3.3
Long Blades    | 1 2 3 |  3.2
Dodging        | 1 |  1.0
Fighting       | |  3.8
Stealth        | |  0.7

Action                   |  1- 3 |  4- 6 || total
-------------------------+-------+-------++-------
Melee: War axe           |   153 |    35 ||   188
       Double sword      |       |   114 ||   114
Throw: Javelin           |       |     5 ||     5
Evoke: Wand              |       |     1 ||     1
  Use: Scroll            |       |    10 ||    10
       Potion            |       |     5 ||     5
Armor: Scale mail        |    65 |    58 ||   123
Dodge: Dodged            |    97 |    95 ||   192
Block: Buckler           |    38 |    39 ||    77

Table legend: (Time is in decaauts)
 A = Elapsed time spent in this place.
 B = Non-inter-level travel time spent in this place.
 C = Inter-level travel time spent in this place.
 D = Time resting spent in this place.
 E = Time spent auto-exploring this place.
 F = Levels seen in this place.
 G = Mean time per level.
                   A        B        C        D        E       F      G
               +--------+--------+--------+--------+--------+-----+--------+
         Total |   3631 |   3612 |     19 |    101 |   1913 |   5 |  726.2 |
       Dungeon |   3631 |   3612 |     19 |    101 |   1913 |   5 |  726.2 |
               +--------+--------+--------+--------+--------+-----+--------+

Top non-repeatable levels by time:
     D:3: 1260 daAuts
     D:1: 1077 daAuts
     D:2: 906 daAuts
     D:4: 366 daAuts
     D:5: 21 daAuts
